 Dungeon Crawl Stone Soup version 0.30-a0-134-gb40fab5c76 (webtiles) character file.

Game seed: 4329966396065957974

223 IdlyInterested the Caller (level 5, -2/36 (42) HPs)
             Began as a Demonspawn Wanderer on Sept 19, 2022.
             Slain by Ijyb
             ... wielding a +4 dagger of draining
              (3 damage)
             ... on level 3 of the Dungeon.
             The game lasted 00:12:03 (5029 turns).

IdlyInterested the Caller (Demonspawn Wanderer)     Turns: 5029, Time: 00:12:04

HP:   -2/36 (42)    AC:  7    Str: 12    XL:     5   Next: 66%
MP:   6/6           EV: 11    Int: 13    God:
Gold: 194           SH:  0    Dex: 15    Spells: 2/6 levels left

rFire   . . .      SeeInvis .    p - +2 dagger (flame)
rCold   . . .      Faith    .    (no shield)
rNeg    . . .      Spirit   .    q - +0 leather armour
rPois   .          Reflect  .    (no helmet)
rElec   .          Harm     .    x - +0 cloak
rCorr   .          Rampage  .    s - +0 pair of gloves
Will    .....                    (no boots)
Stlth   +.........               r - amulet of the acrobat
HPRegen 0.12/turn                (no ring)
MPRegen 0.10/turn                (no ring)

@: heavily drained
A: icy blue scales 1, weakness stinger 2
a: no special abilities


You were on level 3 of the Dungeon.
You visited 1 branch of the dungeon, and saw 3 of its levels.

You collected 194 gold pieces.

Inventory:

Hand Weapons
 a - a +0 dagger
 p - a +2 dagger of flaming (weapon)
 v - a +0 short sword
Missiles
 b - 8 boomerangs (quivered)
 j - 5 javelins
 l - 2 atropa-tipped darts
Armour
 c - a +0 chain mail
 e - a +0 robe
 f - a +0 ring mail
 i - a +0 scale mail
 q - a +0 leather armour (worn)
 s - a +0 pair of gloves (worn)
 x - a +0 cloak (worn)
Jewellery
 h - an amulet of guardian spirit
 o - a ring of willpower
 r - an amulet of the acrobat (around neck)
Scrolls
 g - 2 scrolls of identify
 m - a scroll of noise {unknown}
 t - a scroll of immolation
Potions
 k - 2 potions of flight
 n - 2 potions of attraction


   Skills:
 * Level 3.8 Fighting
 + Level 0.7 Short Blades
 - Level 1.0 Throwing
 - Level 3.0 Armour
 - Level 1.0 Dodging
 - Level 1.0 Shields
 - Level 1.0 Spellcasting
 + Level 3.9 Summonings
 - Level 2.0 Invocations
 - Level 1.0 Evocations


You had 2 spell levels left.
You knew the following spells:

 Your Spells              Type           Power      Damage    Failure   Level
a - Summon Small Mammal   Summ           44%        N/A       7%          1
b - Summon Guardian Gole  Hex/Summ       5%         N/A       43%         3

Your spell library contained the following spells:

 Spells                   Type           Power      Damage    Failure   Level
 Ignite Poison            Fire/Tmut/Pois 0%         N/A       71%         3
 Sticky Flame             Conj/Fire      0%         2d3       98%         4


Dungeon Overview and Level Annotations

Branches:
Dungeon (3/15)

Altars:
Makhleb

Shops:
D:3 :

Annotations:
D:3 Ijyb


Innate Abilities, Weirdness & Mutations

You are partially covered in icy blue scales. (AC +2)
You have a tail ending in a sharp stinger.


Message History

You hit Ijyb. You burn Ijyb.
Ijyb is lightly wounded.
Ijyb hits you with a +4 dagger of draining.
You feel drained.
You hit Ijyb. You burn Ijyb.
Your tail-slap misses Ijyb.
Ijyb is moderately wounded.
Ijyb closely misses you.
You barely miss Ijyb.
Ijyb is moderately wounded.
Ijyb zaps a wand.
The bolt of dispelling energy hits you!
You closely miss Ijyb.
Ijyb is moderately wounded.
Ijyb hits you but does no damage.
You feel drained.
You hit Ijyb but do no damage.
Ijyb is moderately wounded.
Ijyb hits you with a +4 dagger of draining.
You feel drained.
You hit Ijyb. You burn Ijyb.
Ijyb is heavily wounded.
Ijyb screams, "Die!"
Ijyb zaps a wand.
The bolt of dispelling energy hits you!
* * * LOW HITPOINT WARNING * * *
Okay, then.
As you read the scroll of fear, it crumbles to dust.
You assume a fearsome visage.
Ijyb looks frightened!
Okay, then.
Okay, then.
Throw: 3 darts (atropa)
Press: ? - help, Shift-Dir - straight line, f - Ijyb
Aim: Ijyb, wielding a +4 dagger of draining, wearing a +1 leather armour of positive energy and carrying a wand of quicksilver (3) (heavily wounded, fleeing, 51% to hit, chance to blind on hit: 75%)
You throw an atropa-tipped dart. The atropa-tipped dart hits Ijyb.
Ijyb appears confused.
Your attack snaps Ijyb out of her fear.
Ijyb is heavily wounded.
Ijyb seems less confused.
Ijyb zaps a wand.
The bolt of dispelling energy misses you.
You hit Ijyb. You burn Ijyb.
Ijyb is severely wounded.
Ijyb hits you with a +4 dagger of draining.
You die...

############
#......#...#..≈≈##
#......'...'. ≈≈≈#
#......# ≈≈#
#''##..#########≈≈
#...#..........#≈≈
#)).#..........'..
#@..#..........'..
#g..#..........'..
#...#..........#≈≈
#...#..#########≈≈
#...#..#...#..≈≈≈#
##'##..'...'..≈≈≈#
..#####...#..≈≈##
.#...#####..≈≈#
#....).....≈≈#


You could see Ijyb (blind).

Vanquished Creatures
  An orc wizard (D:3)
  3 gnolls (D:3)
  9 adders
  2 worms
  3 dart slugs
  4 orcs (D:3)
  4 bats
  4 endoplasms
  6 giant cockroaches
  13 goblins
  5 hobgoblins
  5 jackals
  A quokka (D:1)
  A ball python (D:1)
  3 frilled lizards
  3 kobolds
  6 rats
73 creatures vanquished.

Notes
Turn   | Place    | Note
-------+----------+-------------------------------------------
     0 | D:1      | IdlyInterested the Demonspawn Wanderer began the quest for
                  | the Orb.
     0 | D:1      | IdlyInterested set off with the following items: a +0
                  | dagger, 8 boomerangs, a +0 chain mail, a scroll of fear;
                  | and the following spell memorised: Summon Small Mammal; and
                  | the following spells available to memorise: Summon Guardian
                  | Golem.
     0 | D:1      | Reached XP level 1. HP: 15/15 MP: 2/2
   753 | D:1      | Gained mutation: You are partially covered in icy blue
                  | scales. (AC +2) [demonic ancestry]
   753 | D:1      | Reached XP level 2. HP: 12/21 MP: 3/3
  1694 | D:2      | Reached XP level 3. HP: 24/27 MP: 4/4
  2417 | D:2      | Reached skill level 1 in Evocations
  2582 | D:2      | You fall into a shaft and drop 1 floor!
  2666 | D:3      | Gained mutation: You have a small tail. [demonic ancestry]
  2666 | D:3      | Reached XP level 4. HP: 27/34 MP: 3/5
  2799 | D:3      | Reached skill level 1 in Dodging
  3205 | D:3      | Found Zapsatel's Book Emporium.
  3269 | D:3      | Gained mutation: You have a tail ending in a sharp stinger.
                  | [demonic ancestry]
  3269 | D:3      | Reached XP level 5. HP: 12/41 MP: 6/6
  3279 | D:3      | Reached skill level 1 in Shields
  4303 | D:2      | Learned a level 3 spell: Summon Guardian Golem
  4628 | D:3      | Found a burning altar of Makhleb.
  5012 | D:3      | Noticed Ijyb
  5025 | D:3      | HP: 1/36 [Ijyb/bolt of dispelling energy (17)]
  5029 | D:3      | Slain by Ijyb

Illustrated notes

Levels and vault maps discovered:
D:1:      giann_wishing_wells, layout_basic, st_stairs_13
D:2:      layout_loops_corners
D:3:      kennysheep_goblin_castle, layout_basic, elyvilon_altar_3,
          mainiacjoe_overflow_alcove_1, serial_shops, nicolae_square_shop

Skill      XL: |  1  2  3  4  5 |
---------------+----------------+-----
Armour         | 3 |  3.0
Fighting       | 2 3 |  3.8
Invocations    | 2 |  2.0
Evocations     | 1 |  1.0
Dodging        | 1 |  1.0
Shields        | 1 |  1.0
Short Blades   | |  0.7
Throwing       | |  1.0
Spellcasting   | |  1.0
Summonings     | |  3.9

Action                   |  1- 3 |  4- 6 || total
-------------------------+-------+-------++-------
Melee: Dagger            |   252 |   194 ||   446
       Punch             |     2 |       ||     2
       Tailslap          |       |    24 ||    24
Throw: Dart              |       |     5 ||     5
  Use: Scroll            |     2 |     7 ||     9
       Potion            |       |     4 ||     4
 Stab: Sleeping          |       |     1 ||     1
Armor: Ring mail         |   109 |    31 ||   140
       Chain mail        |     2 |       ||     2
       Leather armour    |       |    36 ||    36
Dodge: Dodged            |   130 |   105 ||   235

Table legend: (Time is in decaauts)
 A = Elapsed time spent in this place.
 B = Non-inter-level travel time spent in this place.
 C = Inter-level travel time spent in this place.
 D = Time resting spent in this place.
 E = Time spent auto-exploring this place.
 F = Levels seen in this place.
 G = Mean time per level.
                   A        B        C        D        E       F      G
               +--------+--------+--------+--------+--------+-----+--------+
         Total |   5029 |   4721 |    308 |   1463 |   2293 |   3 | 1676.3 |
       Dungeon |   5029 |   4721 |    308 |   1463 |   2293 |   3 | 1676.3 |
               +--------+--------+--------+--------+--------+-----+--------+

Top non-repeatable levels by time:
     D:1: 1761 daAuts
     D:3: 1637 daAuts
     D:2: 1629 daAuts
